 Dungeon Sprint DCSS version 0.22.1-1-ga44c0e56f4 (webtiles) character file.

1212 MuseOD the Covert (level 8, -1/44 HPs)
             Began as a Spriggan Enchanter on Sept 22, 2018.
             Was an Initiate of Dithmenos.
             Killed from afar by an iron elemental (38 damage)
             ... with a spray of metal splinters
             ... in the Dungeon (Sprint II: "The Violet Keep of Menkaure").
             The game lasted 00:01:24 (177 turns).

MuseOD the Covert (Spriggan Enchanter)               Turns: 177, Time: 00:01:25

Health: -1/44      AC:  2    Str:  4    XL:     8   Next: 22%
Magic:  2/21       EV: 18    Int: 18    God:    Dithmenos [......]
Gold:   823        SH:  0    Dex: 17    Spells: 14/23 levels left

rFire    . . .     SeeInvis +   a - +1 dagger
rCold    . . .     Gourm    .   (shield restricted)
rNeg     . . .     Faith    .   b - +0 robe
rPois    .         Spirit   .   (helmet restricted)
rElec    .         Reflect  .   (no cloak)
rCorr    .         Harm     .   (gloves unavailable)
MR       +....     NoTele   +   (boots unavailable)
Stlth    ++++++....             (no amulet)
HPRegen  0.14/turn              (no ring)
MPRegen  0.17/turn              (no ring)

@: very quick
A: very small, unfitting armour, see invisible, herbivore, speed 3, slow
metabolism 2
a: Renounce Religion


You were in the Dungeon.
You worshipped Dithmenos.
Dithmenos was noncommittal.
You were not hungry.

You visited 1 branch You collected 823 gold pieces.

Inventory:

Hand Weapons
 a - a +1 dagger (weapon)
Armour
 b - a +0 robe (worn)
Scrolls
 c - a scroll of identify {unknown}
 j - a scroll of blinking
Potions
 e - a potion of curing
 f - a potion of heal wounds
 g - a potion of haste
 h - 2 potions of magic
Comestibles
 d - a ration


   Skills:
 - Level 5.8 Fighting
 - Level 10.9 Short Blades
 - Level 3.0 Dodging
 + Level 14.8 Stealth
 + Level 8.4 Spellcasting
 + Level 8.7 Hexes


You had 14 spell levels left.
You knew the following spells:

 Your Spells              Type           Power        Failure   Level  Hunger
a - Corona                Hex            #####..      1%          1    None
b - Ensorcelled Hibernat  Hex/Ice        ###...       2%          2    None
c - Confuse               Hex            #####...     1%          3    None
d - Dazzling Spray        Conj/Hex       ###...       4%          3    None

Your spell library contained the following spells:

 Spells                   Type           Power        Failure   Level  Hunger
 Tukima's Dance           Hex            #####...     1%          3    None


Dungeon Overview and Level Annotations

Branches:
Dungeon (1/1)

Altars:
Cheibriados
Dithmenos
Elyvilon
Fedhas
Gozag
Hepliaklqana
Kikubaaqudgha
Makhleb
Nemelex Xobeh
Okawaru
Qazlal
Ru
Sif Muna
Trog
Uskayaw
Vehumet
Wu Jian
Xom
Yredelemnul
Zin
The Shining One
Beogh
Jiyva
Lugonu


Innate Abilities, Weirdness & Mutations

You are very small and have problems with some larger weapons.
You are too small for most types of armour.
You have supernaturally acute eyesight. (SInv)
You are a herbivore.
You cover ground extremely quickly.
You need to consume almost no food.


Message History

Casting: Dazzling Spray (safe; 4% risk of failure)
Confirm with . or Enter, or press ? or * to list all spells.
Aiming: Dazzling Spray (safe; 4% risk of failure)
Press: ? - help, Shift-Dir - straight line, f/p - iron elemental
Aim: an iron elemental (almost destroyed)
The spray of energy hits the iron elemental.
The iron elemental is almost destroyed.
The iron elemental gestures at you. You resist with some effort.
Casting: Dazzling Spray (safe; 4% risk of failure)
Confirm with . or Enter, or press ? or * to list all spells.
Aiming: Dazzling Spray (safe; 4% risk of failure)
Press: ? - help, Shift-Dir - straight line, f/p - iron elemental
Aim: an iron elemental (almost destroyed)
The spray of energy hits the iron elemental.
The iron elemental is almost destroyed.
The iron elemental gestures at you. The spray of metal splinters hits you!
Ouch! That really hurt!
You die...

..### ...# ...# .. ..# #+##..
####.# ###..##.####).E.###
#.##..# ...#)$#...# #
#.#†####..#####..# !?$ #.
#'###.##..#[@'E.# ▓?$($?
w..##.###..#..#..#..# ▓)($(!(
#+.<†'.##'..####..####▓?!$(($)
w..##.###..#....###^..##▓▓▓▓▓▓▓+
#. ##'###.##..§.§§≈≈≈≈≈≈≈≈≈≈≈≈≈
# #.#.####≈≈..§..≈#'########+###
#†###.#≈≈≈≈≈≈≈..≈#._._._..#§§≈#
## ##≈≈≈≈§≈≈≈.≈#.._._._.#t§§§
#≈≈≈≈≈≈≈≈§≈≈#._._._._#§§≈§


You could see an iron elemental.

Vanquished Creatures
  A fire dragon (D)
  2 hippogriffs (D)
  4 worker ants (D)
  3 worms (D)
10 creatures vanquished.

Vanquished Creatures (others)
  A crocodile (D)
1 creature vanquished.

Grand Total: 11 creatures vanquished

Notes
Turn   | Place    | Note
-------+----------+-------------------------------------------
     0 | D        | MuseOD the Spriggan Enchanter began the quest for the Orb.
     0 | D        | Reached XP level 1. HP: 9/9 MP: 5/5
     1 | D        | Noticed a worker ant
     1 | D        | Noticed a worker ant
     4 | D        | Killed a worker ant
     4 | D        | Reached skill level 6 in Stealth
     4 | D        | Reached XP level 2. HP: 15/15 MP: 6/6
     9 | D        | Reached skill level 5 in Short Blades
     9 | D        | Reached XP level 3. HP: 19/19 MP: 8/8
    18 | D        | Killed a crocodile
    36 | D        | Learned a level 2 spell: Ensorcelled Hibernation
    40 | D        | Learned a level 3 spell: Confuse
    46 | D        | Reached skill level 7 in Stealth
    91 | D        | Noticed a hippogriff
    91 | D        | Noticed a hippogriff
    94 | D        | Killed a hippogriff
    94 | D        | Reached skill level 10 in Stealth
    94 | D        | Reached XP level 4. HP: 26/26 MP: 9/9
    94 | D        | Reached XP level 5. HP: 30/30 MP: 10/10
    97 | D        | Killed a hippogriff
    97 | D        | Reached skill level 5 in Fighting
    97 | D        | Reached skill level 10 in Short Blades
    97 | D        | Reached skill level 11 in Stealth
    97 | D        | Reached XP level 6. HP: 36/36 MP: 11/11
   102 | D        | Noticed a tyrant leech
   102 | D        | Noticed a tyrant leech
   119 | D        | Found a glowing silver altar of Zin.
   120 | D        | Found a glowing golden altar of the Shining One.
   120 | D        | Found a basalt altar of Yredelemnul.
   120 | D        | Found a hide-covered altar of Uskayaw.
   121 | D        | Found a shimmering altar of Xom.
   121 | D        | Found a bloodstained altar of Trog.
   121 | D        | Found a radiant altar of Vehumet.
   121 | D        | Found a burning altar of Makhleb.
   122 | D        | Found an ornate altar of the Wu Jian Council.
   122 | D        | Found a deep blue altar of Sif Muna.
   122 | D        | Found a corrupted altar of Lugonu.
   122 | D        | Found a sparkling altar of Nemelex Xobeh.
   122 | D        | Found a blossoming altar of Fedhas.
   123 | D        | Found a sacrificial altar of Ru.
   123 | D        | Found an ancient bone altar of Kikubaaqudgha.
   123 | D        | Found a white marble altar of Elyvilon.
   124 | D        | Found a stormy altar of Qazlal.
   124 | D        | Found a viscous altar of Jiyva.
   124 | D        | Found a shadowy altar of Dithmenos.
   125 | D        | Found a hazy altar of Hepliaklqana.
   125 | D        | Found a snail-covered altar of Cheibriados.
   127 | D        | Found a roughly hewn altar of Beogh.
   128 | D        | Found an opulent altar of Gozag.
   128 | D        | Found an iron altar of Okawaru.
   133 | D        | Became a worshipper of Dithmenos the Shadowed
   143 | D        | Noticed a fire dragon
   146 | D        | Killed a fire dragon
   146 | D        | Reached skill level 14 in Stealth
   146 | D        | Reached XP level 7. HP: 29/39 MP: 12/19
   146 | D        | Reached XP level 8. HP: 33/44 MP: 13/21
   157 | D        | Noticed an iron elemental
   170 | D        | Learned a level 3 spell: Dazzling Spray
   177 | D        | Killed from afar by an iron elemental

Skill      XL: |  1  2  3  4  5  6 |
---------------+-------------------+-----
Fighting       | 2 4 5 |  5.8
Short Blades   | 4 5 9 10 | 10.9
Stealth        | 6 10 11 14 | 14.8
Spellcasting   | 8 |  8.4
Hexes          | 8 |  8.7
Dodging        | |  3.0

Action                   |  1- 3 |  4- 6 |  7- 9 || total
-------------------------+-------+-------+-------++-------
Melee: Dagger            |    11 |     4 |     1 ||    16
 Cast: Ensorcelled Hiber |     2 |       |       ||     2
       Dazzling Spray    |       |       |     5 ||     5
  Use: Potion            |     1 |       |       ||     1
 Stab: Sleeping          |     4 |     4 |     1 ||     9
Dodge: Dodged            |     3 |       |       ||     3
